Workbook

Sheet FY2012
A1: Estimated Fiscal Year-End Fund Balances
A2: FY2012
K3: Total from | L3: Check - Total
A4: Type of Fund | B4: Acct | C4: Gas | D4: Water | E4: Wastewater | F4: Stormwater | H4: Electric | I4: Stores | J4: Unallocated | K4: Financials | L4: Columns C - J
A6: Restricted Cash
A8: SUN-DPU PRIN | B8: 1189 | C8: ='[1]BS By Fund'!L60 -> 1686366.3 | D8: ='[1]BS By Fund'!M60 -> 1682927.9 | E8: ='[1]BS By Fund'!N60 -> 3046869 | F8: ='[1]BS By Fund'!K60 -> 0 | H8: ='[1]BS By Fund'!O60 -> 0 | I8: ='[1]BS By Fund'!P60 -> 0 | J8: ='[1]BS By Fund'!Q60 -> 0 | K8: =SUM('[1]BS By Fund'!$E60:$Q60) -> 6416163.2 | L8: =SUM(C8:J8) -> 6416163.2
A9: USB-DPU REBA | B9: 1191 | C9: ='[1]BS By Fund'!L61 -> 185884.84 | D9: ='[1]BS By Fund'!M61 -> 155482.82 | E9: ='[1]BS By Fund'!N61+'[1]BS By Fund'!G61 -> 240841.35 | F9: ='[1]BS By Fund'!K61 -> 0 | H9: ='[1]BS By Fund'!O61 -> 0 | I9: ='[1]BS By Fund'!P61 -> 0 | J9: ='[1]BS By Fund'!Q61 -> 0 | K9: =SUM('[1]BS By Fund'!$E61:$Q61) -> 582209.01 | L9: =SUM(C9:J9) -> 582209.01
A10: SUN-DPU INT. | B10: 1192 | C10: ='[1]BS By Fund'!L62 -> 4300391.6 | D10: ='[1]BS By Fund'!M62 -> 3939272 | E10: ='[1]BS By Fund'!N62 -> 3810053.6 | F10: ='[1]BS By Fund'!K62 -> 0 | H10: ='[1]BS By Fund'!O62 -> 0 | I10: ='[1]BS By Fund'!P62 -> 0 | J10: ='[1]BS By Fund'!Q62 -> 0 | K10: =SUM('[1]BS By Fund'!$E62:$Q62) -> 12049717 | L10: =SUM(C10:J10) -> 12049717
A11: SNAP DPU PRI | B11: 1217 | C11: ='[1]BS By Fund'!E$63 -> 5898908 | D11: ='[1]BS By Fund'!F$63 -> 5041589.7 | E11: ='[1]BS By Fund'!G$63 -> 4562545.7 | F11: ='[1]BS By Fund'!J63 -> 0 | H11: ='[1]BS By Fund'!H63 -> 0 | I11: ='[1]BS By Fund'!I63 -> 0 | J11: ='[1]BS By Fund'!J63 -> 0 | K11: =SUM('[1]BS By Fund'!$E63:$Q63) -> 15503043 | L11: =SUM(C11:J11) -> 15503043
A12: SNAP DPU INT | B12: 1219 | C12: ='[1]BS By Fund'!L64 -> 268677.85 | D12: ='[1]BS By Fund'!M64 -> 229629.53 | E12: ='[1]BS By Fund'!N64 -> 207810.51 | F12: ='[1]BS By Fund'!K64 -> 0 | H12: ='[1]BS By Fund'!O64 -> 0 | I12: ='[1]BS By Fund'!P64 -> 0 | J12: ='[1]BS By Fund'!Q64 -> 0 | K12: =SUM('[1]BS By Fund'!$E64:$Q64) -> 706117.89 | L12: =SUM(C12:J12) -> 706117.89
A13: Customer Deposits | B13: 2350/ | C13: =-'[1]BS By Fund'!L$302 -> 5926275 | D13: =-'[1]BS By Fund'!M$302 -> 1448836.9 | E13: =-'[1]BS By Fund'!N$302 -> 0 | F13: =-'[1]BS By Fund'!K$302 -> 0 | H13: ='[1]BS By Fund'!O302 -> 0 | I13: ='[1]BS By Fund'!P302 -> 0 | J13: ='[1]BS By Fund'!Q302 -> 0 | K13: =-SUM('[1]BS By Fund'!$E$302:$Q$302) -> 7375111.9 | L13: =SUM(C13:J13) -> 7375111.9
A14: Current | C14: =SUM(C7:C13) -> 18266504 | D14: =SUM(D7:D13) -> 12497739 | E14: =SUM(E7:E12) -> 11868120 | F14: =SUM(F7:F12) -> 0 | H14: =SUM(H7:H12) -> 0 | I14: =SUM(I7:I12) -> 0 | J14: =SUM(J7:J12) -> 0 | K14: =SUM(K7:K13) -> 42632363 | L14: =SUM(L7:L13) -> 42632363
B15: CAFR | C15: ='[1]CAFR BS'!D$25 -> 18266504 | D15: ='[1]CAFR BS'!E$25 -> 12497739 | E15: ='[1]CAFR BS'!F$25 -> 11868120 | F15: ='[1]CAFR BS'!G$25 -> 0 | H15: ='[1]CAFR BS'!J$25 -> 0 | I15: ='[1]CAFR BS'!K$25 -> 0 | J15: 0 | K15: ='[1]CAFR BS'!$M$25 -> 42632363 | L15: =SUM(C15:J15) -> 42632363
A17: Escrow cash balance for debt | B17: 1190 | C17: ='[1]BS By Fund'!L65 -> 3637389.8 | D17: ='[1]BS By Fund'!M65 -> 3108749.4 | E17: ='[1]BS By Fund'!N65 -> 2813360.9 | F17: ='[1]BS By Fund'!O65 -> 0 | K17: =SUM('[1]BS By Fund'!$E65:$Q65) -> 9559500 | L17: =SUM(C17:J17) -> 9559500
B18: CAFR | C18: ='[1]CAFR BS'!D$26 -> 3637390 | D18: ='[1]CAFR BS'!E$26 -> 3108749 | E18: ='[1]CAFR BS'!F$26 -> 2813361 | F18: ='[1]CAFR BS'!G$26 -> 0 | H18: ='[1]CAFR BS'!J$26 -> 0 | I18: ='[1]CAFR BS'!K$26 -> 0 | J18: 0 | K18: ='[1]CAFR BS'!$M$26 -> 9559500 | L18: =SUM(C18:J18) -> 9559500
A20: Non-Restricted Cash | B20: 1100-1177 | C20: =SUM('[1]BS By Fund'!L$2:L$30)+SUM('[1]BS By Fund'!E$2:E$30) -> 18687176 | D20: =SUM('[1]BS By Fund'!M$2:M$30)+SUM('[1]BS By Fund'!F$2:F$30) -> 44864338 | E20: =SUM('[1]BS By Fund'!N$2:N$30)+SUM('[1]BS By Fund'!G$2:G$30) -> 64927073 | F20: =SUM('[1]BS By Fund'!K$2:K$30)+SUM('[1]BS By Fund'!J$2:J$30) -> 5160990.5 | H20: =SUM('[1]BS By Fund'!H$2:H$30)+SUM('[1]BS By Fund'!O$2:O$30) -> 1574924.6 | I20: =SUM('[1]BS By Fund'!I$2:I$30)+SUM('[1]BS By Fund'!P$2:P$30) -> 32948919 | J20: =SUM('[1]BS By Fund'!Q$2:Q$30) -> 2909379.7 | K20: =SUM('[1]BS By Fund'!$E$2:$Q$30) -> 1.710728e+08 | L20: =SUM(C20:J20) -> 1.710728e+08
A21: Inter-Fund | B21: 1840 | C21: ='[1]BS By Fund'!L$31+'[1]BS By Fund'!E$31 -> 7.4505806e-09 | D21: ='[1]BS By Fund'!M$31+'[1]BS By Fund'!F$31 -> -182424.66 | E21: ='[1]BS By Fund'!N$31+'[1]BS By Fund'!G$31 -> 0 | F21: ='[1]BS By Fund'!K$31+'[1]BS By Fund'!J$31 -> 0 | H21: ='[1]BS By Fund'!H$31+'[1]BS By Fund'!O$31 -> 9.3132257e-10 | I21: ='[1]BS By Fund'!I$31+'[1]BS By Fund'!P$31 -> 0 | J21: ='[1]BS By Fund'!Q$31 -> 0 | K21: =SUM('[1]BS By Fund'!$E$31:$Q$31) -> -182424.66 | L21: =SUM(C21:J21) -> -182424.66
A22: Less: Customer Deposits | B22: 2350 | C22: =-C13 -> -5926275 | D22: =-D13 -> -1448836.9 | E22: =-E13 -> 0 | F22: =-F13 -> 0 | H22: =-H13 -> 0 | I22: =-I13 -> 0 | J22: =-J13 -> 0 | K22: =-K13 -> -7375111.9 | L22: =SUM(C22:J22) -> -7375111.9
C23: =SUM(C20:C22) -> 12760901 | D23: =SUM(D20:D22) -> 43233077 | E23: =SUM(E20:E22) -> 64927073 | F23: =SUM(F20:F22) -> 5160990.5 | H23: =SUM(H20:H22) -> 1574924.6 | I23: =SUM(I20:I22) -> 32948919 | J23: =SUM(J20:J22) -> 2909379.7 | K23: =SUM(K20:K22) -> 1.6351526e+08 | L23: =SUM(L20:L22) -> 1.6351526e+08
B24: Allocation of Unallocated | C24: =$J20*0.5 -> 1454689.8 | D24: =$J20*0.25 -> 727344.91 | E24: =$J20*0.25 -> 727344.91 | F24: 0 | H24: 0 | I24: 0 | J24: =-SUM(C24:E24) -> -2909379.7 | K24: 0 | L24: =SUM(C24:K24) -> 0
B25: Adjusted Balance | C25: =C23+C24 -> 14215591 | D25: =D23+D24 -> 43960422 | E25: =E23+E24 -> 65654418 | F25: =F23+F24 -> 5160990.5 | H25: =H23+H24 -> 1574924.6 | I25: =I23+I24 -> 32948919 | J25: =J23+J24 -> 0 | K25: =K23+K24 -> 1.6351526e+08 | L25: =L23+L24 -> 1.6351526e+08
B26: CAFR | C26: ='[1]CAFR BS'!D$14 -> 14215591 | D26: ='[1]CAFR BS'!E$14 -> 43960422 | E26: ='[1]CAFR BS'!F$14 -> 65654418 | F26: ='[1]CAFR BS'!G$14 -> 5160991 | H26: ='[1]CAFR BS'!J$14 -> 1574925 | I26: ='[1]CAFR BS'!K$14 -> 32948919 | J26: 0 | K26: ='[1]CAFR BS'!$M$14 -> 163515266 | L26: =SUM(C26:J26) -> 163515266
B28: Total Cash | C28: =C15+C18+C26 -> 36119485 | D28: =D15+D18+D26 -> 59566910 | E28: =E15+E18+E26 -> 80335899 | F28: =F15+F18+F26 -> 5160991 | H28: =H15+H18+H26 -> 1574925 | I28: =I15+I18+I26 -> 32948919 | J28: =J15+J18+J26 -> 0 | K28: =K15+K18+K26 -> 215707129 | L28: =L15+L18+L26 -> 215707129
B30: Change from FY2011 | C30: =C28-'FY2011'!C28 -> -7746147 | D30: =D28-'FY2011'!D28 -> -11773173 | E30: =E28-'FY2011'!E28 -> -5098113 | F30: =F28-'FY2011'!F28 -> 774808 | H30: =H28-'FY2011'!H28 -> 1465897 | I30: =I28-'FY2011'!I28 -> -2404578 | J30: =J28-'FY2011'!J28 -> 0 | K30: =K28-'FY2011'!K28 -> -24781306 | L30: =L28-'FY2011'!L28 -> -24781306

Sheet FY2011
A1: Estimated Fiscal Year-End Fund Balances
A2: FY2011
K3: Total from | L3: Check - Total
A4: Type of Fund | B4: Acct | C4: Gas | D4: Water | E4: Wastewater | F4: Stormwater | H4: Electric | I4: Stores | J4: Unallocated | K4: Financials | L4: Columns C - J
A6: Restricted Cash
A8: SUN-DPU PRIN | B8: 1189 | C8: ='[2]BS By Fund'!L60 -> 1632260.3 | D8: ='[2]BS By Fund'!M60 -> 1629326.3 | E8: ='[2]BS By Fund'!N60 -> 2976332.3 | F8: ='[2]BS By Fund'!K60 -> 0 | H8: ='[2]BS By Fund'!O60 -> 0 | I8: ='[2]BS By Fund'!P60 -> 0 | J8: ='[2]BS By Fund'!Q60 -> 0 | K8: =SUM('[2]BS By Fund'!$E60:$Q60) -> 6237918.8 | L8: =SUM(C8:J8) -> 6237918.8
A9: USB-DPU REBA | B9: 1191 | C9: ='[2]BS By Fund'!L61 -> 185884.84 | D9: ='[2]BS By Fund'!M61 -> 155482.82 | E9: ='[2]BS By Fund'!N61 -> 240831.39 | F9: ='[2]BS By Fund'!K61 -> 0 | H9: ='[2]BS By Fund'!O61 -> 0 | I9: ='[2]BS By Fund'!P61 -> 0 | J9: ='[2]BS By Fund'!Q61 -> 0 | K9: =SUM('[2]BS By Fund'!$E61:$Q61) -> 582199.05 | L9: =SUM(C9:J9) -> 582199.05
A10: SUN-DPU INT. | B10: 1192 | C10: ='[2]BS By Fund'!L62 -> 4358515 | D10: ='[2]BS By Fund'!M62 -> 3996616.2 | E10: ='[2]BS By Fund'!N62 -> 3883255.2 | F10: ='[2]BS By Fund'!K62 -> 0 | H10: ='[2]BS By Fund'!O62 -> 0 | I10: ='[2]BS By Fund'!P62 -> 0 | J10: ='[2]BS By Fund'!Q62 -> 0 | K10: =SUM('[2]BS By Fund'!$E62:$Q62) -> 12238386 | L10: =SUM(C10:J10) -> 12238386
A11: SNAP DPU PRI | B11: 1217 | C11: ='[2]BS By Fund'!L63+'[2]BS By Fund'!E$63 -> 14777658 | D11: ='[2]BS By Fund'!M63+'[2]BS By Fund'!F$63 -> 23740590 | E11: ='[2]BS By Fund'!N63+'[2]BS By Fund'!G$63 -> 21484796 | F11: ='[2]BS By Fund'!K63+'[2]BS By Fund'!$J$63 -> 0 | H11: ='[2]BS By Fund'!O63+'[2]BS By Fund'!$H$63 -> 0 | I11: ='[2]BS By Fund'!P63 -> 0 | J11: ='[2]BS By Fund'!Q63 -> 0 | K11: =SUM('[2]BS By Fund'!$E63:$Q63) -> 60003043 | L11: =SUM(C11:J11) -> 60003043
A12: SNAP DPU INT | B12: 1219 | C12: ='[2]BS By Fund'!L64 -> 239431.85 | D12: ='[2]BS By Fund'!M64 -> 204634 | E12: ='[2]BS By Fund'!N64 -> 185190.02 | F12: ='[2]BS By Fund'!K64 -> 0 | H12: ='[2]BS By Fund'!O64 -> 0 | I12: ='[2]BS By Fund'!P64 -> 0 | J12: ='[2]BS By Fund'!Q64 -> 0 | K12: =SUM('[2]BS By Fund'!$E64:$Q64) -> 629255.87 | L12: =SUM(C12:J12) -> 629255.87
A13: Customer Deposits | B13: 2350/ | C13: =-'[2]BS By Fund'!L$299 -> 5819443.3 | D13: =-'[2]BS By Fund'!M$299 -> 1368798.5 | E13: =-'[2]BS By Fund'!N$299 -> 0 | F13: =-'[2]BS By Fund'!K$299 -> 0 | H13: =-'[2]BS By Fund'!O$299 -> 0 | I13: =-'[2]BS By Fund'!P$299 -> 0 | J13: =-'[2]BS By Fund'!Q$299 -> 0 | K13: =-SUM('[2]BS By Fund'!$E$299:$Q$299) -> 7188241.8 | L13: =SUM(C13:J13) -> 7188241.8
A14: Current | C14: =SUM(C7:C13) -> 27013193 | D14: =SUM(D7:D13) -> 31095447 | E14: =SUM(E7:E12) -> 28770405 | F14: =SUM(F7:F12) -> 0 | H14: =SUM(H7:H12) -> 0 | I14: =SUM(I7:I12) -> 0 | J14: =SUM(J7:J12) -> 0 | K14: =SUM(K7:K13) -> 86879045 | L14: =SUM(L7:L13) -> 86879045
B15: CAFR | C15: ='[2]CAFR BS'!D$25 -> 27013193 | D15: ='[2]CAFR BS'!E$25 -> 31095447 | E15: ='[2]CAFR BS'!F$25 -> 28770405 | F15: ='[1]CAFR BS'!G$25 -> 0 | H15: ='[1]CAFR BS'!J$25 -> 0 | I15: ='[1]CAFR BS'!K$25 -> 0 | J15: 0 | K15: ='[2]CAFR BS'!$M$25 -> 86879045 | L15: =SUM(C15:J15) -> 86879045
A17: Escrow cash balance for debt | B17: 1190 | C17: ='[2]BS By Fund'!L65 -> 3637389.8 | D17: ='[2]BS By Fund'!M65 -> 3108749.4 | E17: ='[2]BS By Fund'!N65 -> 2813360.9 | F17: ='[1]BS By Fund'!O65 -> 0 | K17: =SUM('[1]BS By Fund'!$E65:$Q65) -> 9559500 | L17: =SUM(C17:J17) -> 9559500
B18: CAFR | C18: ='[2]CAFR BS'!D$26 -> 3637390 | D18: ='[2]CAFR BS'!E$26 -> 3108749 | E18: ='[2]CAFR BS'!F$26 -> 2813361 | F18: ='[1]CAFR BS'!G$26 -> 0 | H18: ='[1]CAFR BS'!J$26 -> 0 | I18: ='[1]CAFR BS'!K$26 -> 0 | J18: 0 | K18: ='[1]CAFR BS'!$M$26 -> 9559500 | L18: =SUM(C18:J18) -> 9559500
A20: Non-Restricted Cash | B20: 1100-1177 | C20: =SUM('[2]BS By Fund'!L$2:L$30)+SUM('[2]BS By Fund'!E$2:E$30) -> 17640125 | D20: =SUM('[2]BS By Fund'!M$2:M$30)+SUM('[2]BS By Fund'!F$2:F$30) -> 37807501 | E20: =SUM('[2]BS By Fund'!N$2:N$30)+SUM('[2]BS By Fund'!G$2:G$30) -> 53153062 | F20: =SUM('[2]BS By Fund'!K$2:K$30)+SUM('[2]BS By Fund'!J$2:J$30) -> 4386183.3 | H20: =SUM('[2]BS By Fund'!H$2:H$30)+SUM('[2]BS By Fund'!O$2:O$30) -> 109028.4 | I20: =SUM('[2]BS By Fund'!I$2:I$30)+SUM('[2]BS By Fund'!P$2:P$30) -> 35353497 | J20: =SUM('[2]BS By Fund'!Q$2:Q$30) -> 2788734.6 | K20: =SUM('[2]BS By Fund'!$E$2:$Q$30) -> 1.5123813e+08 | L20: =SUM(C20:J20) -> 1.5123813e+08
A21: Inter-Fund | B21: 1840 | C21: ='[2]BS By Fund'!L$31+'[2]BS By Fund'!E$31 -> 0 | D21: ='[2]BS By Fund'!M$31+'[2]BS By Fund'!F$31 -> 0 | E21: ='[2]BS By Fund'!N$31+'[2]BS By Fund'!G$31 -> 0 | F21: ='[2]BS By Fund'!K$31+'[2]BS By Fund'!J$31 -> 0 | H21: ='[2]BS By Fund'!H$31+'[2]BS By Fund'!O$31 -> 0 | I21: ='[2]BS By Fund'!I$31+'[2]BS By Fund'!P$31 -> 0 | J21: ='[2]BS By Fund'!Q$31 -> 0 | K21: =SUM('[2]BS By Fund'!$E$31:$Q$31) -> 0 | L21: =SUM(C21:J21) -> 0
A22: Less: Customer Deposits | B22: 2350 | C22: =-C13 -> -5819443.3 | D22: =-D13 -> -1368798.5 | E22: =-E13 -> 0 | F22: =-F13 -> 0 | H22: =-H13 -> 0 | I22: =-I13 -> 0 | J22: =-J13 -> 0 | K22: =-K13 -> -7188241.8 | L22: =SUM(C22:J22) -> -7188241.8
C23: =SUM(C20:C22) -> 11820682 | D23: =SUM(D20:D22) -> 36438703 | E23: =SUM(E20:E22) -> 53153062 | F23: =SUM(F20:F22) -> 4386183.3 | H23: =SUM(H20:H22) -> 109028.4 | I23: =SUM(I20:I22) -> 35353497 | J23: =SUM(J20:J22) -> 2788734.6 | K23: =SUM(K20:K22) -> 1.4404989e+08 | L23: =SUM(L20:L22) -> 1.4404989e+08
B24: Allocation of Unallocated | C24: =$J20*0.5 -> 1394367.3 | D24: =$J20*0.25 -> 697183.66 | E24: =$J20*0.25 -> 697183.66 | F24: 0 | H24: 0 | I24: 0 | J24: =-SUM(C24:E24) -> -2788734.6 | K24: 0 | L24: =SUM(C24:K24) -> 0
B25: Adjusted Balance | C25: =C23+C24 -> 13215049 | D25: =D23+D24 -> 37135886 | E25: =E23+E24 -> 53850245 | F25: =F23+F24 -> 4386183.3 | H25: =H23+H24 -> 109028.4 | I25: =I23+I24 -> 35353497 | J25: =J23+J24 -> 0 | K25: =K23+K24 -> 1.4404989e+08 | L25: =L23+L24 -> 1.4404989e+08
B26: CAFR | C26: ='[2]CAFR BS'!D$14 -> 13215049 | D26: ='[2]CAFR BS'!E$14 -> 37135887 | E26: ='[2]CAFR BS'!F$14 -> 53850246 | F26: ='[2]CAFR BS'!G$14 -> 4386183 | H26: ='[2]CAFR BS'!J$14 -> 109028 | I26: ='[2]CAFR BS'!K$14 -> 35353497 | J26: 0 | K26: ='[2]CAFR BS'!$M$14 -> 144049890 | L26: =SUM(C26:J26) -> 144049890
B28: Total Cash | C28: =C15+C18+C26 -> 43865632 | D28: =D15+D18+D26 -> 71340083 | E28: =E15+E18+E26 -> 85434012 | F28: =F15+F18+F26 -> 4386183 | H28: =H15+H18+H26 -> 109028 | I28: =I15+I18+I26 -> 35353497 | J28: =J15+J18+J26 -> 0 | K28: =K15+K18+K26 -> 240488435 | L28: =L15+L18+L26 -> 240488435

Sheet Sheet2

Sheet Sheet3
